 Dungeon Crawl Stone Soup version 0.25.1-2-g60ff931df9 (webtiles) character file.

Game seed: 2802114634374097767

64 DildoBatman the Conjurer (level 4, -1/30 HPs)
             Began as a Formicid Wizard on Aug 20, 2020.
             Slain by a kobold
             ... wielding a +0 short sword of electrocution
              (3 damage)
             ... on level 3 of the Dungeon.
             The game lasted 00:05:24 (2841 turns).

DildoBatman the Conjurer (Formicid Wizard)          Turns: 2841, Time: 00:05:25

Health: -1/30      AC:  2    Str: 10 (11) XL:     4   Next: 32%
Magic:  4/8        EV: 12    Int: 19 (21) God:
Gold:   151        SH:  0    Dex:  8 (9)  Spells: 2/9 levels left

rFire    x . .     SeeInvis +   f - +0 club
rCold    + . .     Gourm    .   (no shield)
rNeg     . . .     Faith    .   a - +0 robe
rPois    .         Spirit   .   (helmet unavailable)
rElec    .         Reflect  .   (no cloak)
rCorr    .         Harm     .   (no gloves)
MR       .....     Clarity  +   (no boots)
Stlth    ++........             (no amulet)
HPRegen  0.10/turn              g - ring of ice (curse)
MPRegen  0.11/turn              (no ring)

@: brilliant, lethally poisoned (-1 -> -11)
A: permanent stasis, dig shafts and tunnels, four strong arms, antennae 3, claws
1, blurry vision 1, clarity, clever 1
a: Dig, Shaft Self


You were on level 3 of the Dungeon.
You were not hungry.

You visited 1 branch of the dungeon, and saw 3 of its levels.

You collected 151 gold pieces.

Inventory:

Hand Weapons
 f - a +0 club (weapon)
 m - a +4 dagger of venom
Missiles
 c - 40 stones
 j - 11 arrows
 q - 18 poisoned darts (quivered)
 y - 21 bolts
Armour
 a - a +0 robe (worn)
 w - a +0 kite shield
Jewellery
 g - a cursed ring of ice (left claw)
Wands
 t - a wand of paralysis (8)
Scrolls
 b - 3 scrolls of identify {unknown}
 d - a scroll of immolation {unknown}
 i - a scroll of fear {unknown}
 k - a scroll of noise {unknown}
 o - 3 scrolls of teleportation {unknown}
 r - a scroll of amnesia {unknown}
 s - a scroll of random uselessness {unknown}
 u - a scroll of blinking {unknown}
Comestibles
 v - 2 rations
 x - 4 chunks of flesh


   Skills:
 - Level 1.7 Dodging
 - Level 2.4 Stealth
 - Level 3.2 Spellcasting
 * Level 3.5 Conjurations
   Level 1.0 Summonings
   Level 0.8 Translocations


You had 2 spell levels left.
You knew the following spells:

 Your Spells              Type           Power        Failure   Level  Hunger
a - Conjure Flame         Conj/Fire      ##......     22%         3    None
c - Magic Dart            Conj           ###.         3%          1    None
e - Mephitic Cloud        Conj/Pois/Air  ##......     28%         3    None

Your spell library contained the following spells:

 Spells                   Type           Power        Failure   Level  Hunger
 Call Imp                 Summ           ##......     16%         2    None
 Slow                     Hex            #.......     22%         2    None
 Blink                    Tloc           Unusable     N/A         2    N/A

Dungeon Overview and Level Annotations

Branches:
Dungeon (3/15)

Altars:

Annotations:
D:2 exclusions: gnoll and 3 sensed monsters (detected), Natasha


Innate Abilities, Weirdness & Mutations

You cannot be hasted, slowed, berserked, paralysed or teleported.
You can dig through walls and to a lower floor.
Your four strong arms can wield two-handed weapons with a shield.
You have a pair of large antennae on your head. (SInv)
You have sharp fingernails.
Scrolls take you a little longer to read.
You possess an exceptional clarity of mind.
Your mind is acute. (Int +2)


Message History

Press: ? - help, Shift-Dir - straight line, f - kobold
Aim: a kobold, wielding a +0 short sword of electrocution You feel a surge of power!
The magic dart hits the kobold.
The kobold is severely wounded.
You feel sick.
The kobold hits you with a +0 short sword of electrocution.
You are electrocuted!
Ouch! That really hurt!
Casting: Magic Dart (safe; 3% risk of failure)
Confirm with . or Enter, or press ? or * to list all spells.
Aiming: Magic Dart (safe; 3% risk of failure)
Press: ? - help, Shift-Dir - straight line, f/p - kobold
Aim: a kobold, wielding a +0 short sword of electrocution (severely wounded)
You feel a surge of power!
The magic dart hits the kobold but does no damage.
The kobold is severely wounded.
You feel sick.
The kobold hits you with a +0 short sword of electrocution.
You die...

#...#####...
#.#.### #..
#.#...# #.# #####
#.#...###.####....
#)##.........'....
#.##.####.####....
#.##.. #.# #....
#K###. #.# #....
#@# .. #.# #....
### .. #.# #####
#.# { #.# {...


You could see a kobold.

Vanquished Creatures
  2 adders (D:2)
  A worm (D:2)
  A dart slug (D:1)
  An orc (D:3)
  2 giant cockroaches (D:2)
  8 goblins
  4 hobgoblins
  3 jackals
  4 bats
  2 frilled lizards
  5 kobolds
  10 rats
43 creatures vanquished.

Notes
Turn   | Place    | Note
-------+----------+-------------------------------------------
     0 | D:1      | DildoBatman the Formicid Wizard began the quest for the
                  | Orb.
     0 | D:1      | Reached XP level 1. HP: 13/13 MP: 4/4
    51 | D:1      | Reached skill level 1 in Conjurations
   325 | D:1      | Reached XP level 2. HP: 19/19 MP: 3/6
  1082 | D:2      | Reached XP level 3. HP: 24/24 MP: 3/7
  1087 | D:2      | Learned a level 3 spell: Conjure Flame
  1091 | D:2      | Learned a level 3 spell: Mephitic Cloud
  1695 | D:2      | Reached XP level 4. HP: 18/30 MP: 0/8
  2437 | D:3      | Noticed Natasha
  2838 | D:3      | Gained mutation: You have sharp fingernails. [potion of
                  | mutation]
  2838 | D:3      | Gained mutation: You possess an exceptional clarity of
                  | mind. [potion of mutation]
  2838 | D:3      | Gained mutation: Scrolls take you a little longer to read.
                  | [potion of mutation]
  2838 | D:3      | Gained mutation: Your mind is acute. (Int +2) [potion of
                  | mutation]
  2841 | D:3      | Slain by a kobold

Illustrated notes

Levels and vault maps discovered:
D:1:      dpeg_arrival_signposts, layout_loops_ring
D:2:      kb_forest_paths, layout_basic
D:3:      layout_basic, lemuel_doored_altar, uniq_natasha

Skill      XL: |  1  2  3 |
---------------+----------+-----
Conjurations   | 1 2 3 |  3.5
Dodging        | |  1.7
Stealth        | |  2.4
Spellcasting   | |  3.2
Summonings     | |  1.0
Translocations | |  0.8

Action                   |  1- 3 |  4- 6 || total
-------------------------+-------+-------++-------
Melee: Club              |    25 |     8 ||    33
Throw: Stone             |     1 |     5 ||     6
 Cast: Magic Dart        |    71 |    38 ||   109
       Mephitic Cloud    |       |     1 ||     1
  Use: Potion            |       |     5 ||     5
 Stab: Sleeping          |     4 |       ||     4
  Eat: Chunk             |     2 |     4 ||     6
Armor: Robe              |    12 |     5 ||    17
Dodge: Dodged            |    38 |    17 ||    55
